 Dungeon Crawl Stone Soup version 0.31-a0-640-g39d97e502b (webtiles) character file.

Game seed: 7686828148099243134

11 heikuro the Shield-Bearer (level 2, 0/24 HPs)
             Began as a Formicid Fighter on Aug 28, 2023.
             Slain by an endoplasm (2 damage)
             ... on level 2 of the Dungeon.
             The game lasted 00:01:48 (762 turns).

heikuro the Shield-Bearer (Formicid Fighter)         Turns: 762, Time: 00:01:48

Health: 0/24       AC:  6    Str: 20    XL:     2   Next: 40%
Magic:  2/2        EV:  9    Int:  7    God:
Gold:   84         SH:  5    Dex: 13    Spells: 1/1 levels left

rFire   . . .        h - staff of earth
rCold   . . .        c - +0 buckler
rNeg    . . .        b - +0 scale mail
rPois   .            (helmet unavailable)
rElec   .            (no cloak)
rCorr   .            (no gloves)
SInv    +            (no boots)
Will    .....        (no amulet) Stlth
                     (no ring)
HPRegen 0.24/turn    (no ring)
MPRegen 0.08/turn

%: no passive effects
@: no status effects
A: permanent stasis, dig shafts and tunnels, antennae 3, four strong arms
a: Dig, Shaft Self


You were on level 2 of the Dungeon.
You visited 1 branch of the dungeon, and saw 2 of its levels.

You collected 84 gold pieces.

Inventory:

Hand Weapons
 a - a +0 war axe
Missiles
 l - 2 poisoned darts (quivered)
Armour
 b - a +0 scale mail (worn)
 c - a +0 buckler (worn)
Magical Staves
 h - a staff of earth (weapon)
Scrolls
 g - a scroll of identify {unknown}
Potions
 d - a potion of might
 e - 2 potions of curing {unknown}
 f - a potion of lignification {unknown}
 i - a potion of degeneration {unknown}
 j - a potion of heal wounds {unknown}
 k - a potion of brilliance {unknown}


   Skills:
 + Level 3.4 Fighting
 - Level 2.2 Axes
 * Level 0.4 Staves
 + Level 3.4 Armour
 + Level 4.1 Shields
 + Level 0.2 Earth Magic
 + Level 0.2 Evocations


You had one spell level left.
You didn't know any spells.
Your spell library contained the following spells:

 Spells                   Type           Power      Damage    Failure   Level
 Magic Dart               Conj           0%         1d3       85%         1
 Call Imp                 Summ           0%         N/A       94%         2
 Mephitic Cloud           Conj/Pois/Air  0%         N/A       99%         3


Dungeon Overview and Level Annotations

Branches:
Dungeon (2/15)

Altars:

Annotations:
D:2 Natasha


Innate Abilities, Weirdness & Mutations

You cannot be hasted, slowed, berserked, paralysed or teleported.
You can dig through walls and to a lower floor.
You have a pair of large antennae on your head. (SInv)
Your four strong arms can wield two-handed weapons with a shield.


Message History

No target in view!
No target in view!
You see here 2 poisoned darts.
Okay, then.
l - 2 poisoned darts
There is an open door here.
You see here a frilled lizard corpse.
You open the door.
Natasha, Servant of Life and Death comes into view.
She is carrying a wand of flame.
Natasha mumbles some strange words.
Natasha's front paws start to glow.
You close the door.
Natasha opens the door.
Natasha claws you but does no damage.
There is an open door here.
You hit Natasha but do no damage. Natasha claws you!
You completely miss Natasha. Natasha claws you!
An endoplasm comes into view.
You are too injured to fight recklessly!
You closely miss Natasha.
The endoplasm quivers.
Natasha closely misses you. Natasha claws you but does no damage.
You are too injured to fight recklessly!
You hit Natasha but do no damage. Natasha barely misses you.
You hit Natasha.
Natasha is lightly wounded.
Natasha claws you.
* * * LOW HITPOINT WARNING * * *
You hit Natasha but do no damage.
Natasha is lightly wounded.
You block Natasha's attack.
You hit Natasha but do no damage.
Natasha is lightly wounded.
Natasha zaps a wand.
You block the puff of flame.
You closely miss Natasha.
Natasha is lightly wounded.
Natasha zaps a wand.
The puff of flame hits you.
* * * LOW HITPOINT WARNING * * *
The endoplasm hits you.
You die...

.#.## ... ... ... #.#
#.# ### #.#### #h#
#.. .....# ##@## #.#
#.##.# ##..J## #.#
#.##.# ##.....##
#.###.##<#
#.......###.##.....#
#.........##.#...#..#
+........†'.........#
#.........##......#.#
##.......####.#.##.##
##.....## #.### ##


You could see Natasha and an endoplasm.

Vanquished Creatures
  2 ball pythons (D:1)
  An endoplasm (D:1)
  4 kobolds (D:1)
  A bat (D:1)
  2 frilled lizards
  2 goblins (D:1)
12 creatures vanquished.

Notes
Turn   | Place    | Note
-------+----------+-------------------------------------------
     0 | D:1      | heikuro the Formicid Fighter began the quest for the Orb.
     0 | D:1      | Reached XP level 1. HP: 18/18 MP: 1/1
   230 | D:1      | Reached XP level 2. HP: 24/24 MP: 2/2
   750 | D:2      | Noticed Natasha
   762 | D:2      | Slain by an endoplasm

Illustrated notes

Levels and vault maps discovered:
D:1:      sevenhm_arrival_forest_fort_small_3, layout_loops_ring
D:2:      layout_loops_corners, hellmonk_ecumenical_altar_heavens_door,
          basic_altar, st_stairs_7, hangedman_decor_peaks_small,
          minmay_guardbox, uniq_natasha

Action                     || total
---------------------------++-------
  Melee: Staff             ||    28
         War axe           ||     5
 Armour: Scale mail        ||    14
  Dodge: Dodged            ||     8
  Block: Buckler           ||     6

Table legend: (Time is in decaauts)
 A = Elapsed time spent in this place.
 B = Non-inter-level travel time spent in this place.
 C = Inter-level travel time spent in this place.
 D = Time resting spent in this place.
 E = Time spent auto-exploring this place.
 F = Levels seen in this place.
 G = Mean time per level.
                   A        B        C        D        E       F      G
               +--------+--------+--------+--------+--------+-----+--------+
         Total |    769 |    711 |     58 |      0 |    516 |   2 |  384.5 |
       Dungeon |    769 |    711 |     58 |      0 |    516 |   2 |  384.5 |
               +--------+--------+--------+--------+--------+-----+--------+

Top non-repeatable levels by time:
     D:1: 726 daAuts
     D:2: 43 daAuts
